AoeStats
← chewie1706

MegaRandom

507611986Analyzed
3v3 RM · 13d ago on Sep 19, 2026· 42m 4s· 6 players
Game mode
Random Map
Map size
Normal (6 player)
Population
200
Speed
Normal
Resources
Standard
Victory
Conquest
Starting age
Dark Age
Ending age
Imperial Age
RankedLock teamsTeams togetherTeam positionsShared explorationLock speedFull tech treeHidden civsTurbo modeCheats
Victory
Defeat
🇫🇷 Mongols · France
1476
+13
🇫🇷 Franks · France
1382
+17
🇨🇭 Koreans · Switzerland
1316
+20
🇫🇷 Magyars · France
1438
-18
🇨🇱 Chinese · Chile
1422
-17
🇵🇪 Ethiopians · Peru
1373
-15
chewie1706
6:00 Loom
9:20 Feudal Age
10:33 Double-Bit Axe
13:42 Fletching
15:46 Horse Collar
18:48 Padded Archer Armor
19:38 Wheelbarrow
23:01 Castle Age
22:30 Stone Mining
22:39 Gold Mining
24:02 Bodkin Arrow
23:27 Crossbowman
24:38 Leather Archer Armor
29:33 Heavy Plow
30:52 Town Watch
36:00 Imperial Age
36:43 Bracer
37:56 Chemistry
37:24 Ballistics
38:37 Conscription
39:31 Parthian Tactics
40:04 Husbandry
40:19 Bloodlines
41:42 Thumb Ring
AGS.Grimnel
7:15 Loom
10:35 Feudal Age
11:30 Double-Bit Axe
15:52 Fletching
26:18 Castle Age
25:12 Gold Mining
26:23 Crossbowman
26:59 Bodkin Arrow
28:47 Wheelbarrow
28:00 Town Watch
31:03 Ballistics
31:14 Bow Saw
33:57 Scale Barding Armor
35:21 Hand Cart
36:33 Horse Collar
37:04 Thumb Ring
40:10 Imperial Age
37:50 Husbandry
38:02 Forging
39:36 Heavy Plow
40:59 Bracer
40:50 Arbalester
AGS.Sylvatica
6:51 Loom
8:56 Feudal Age
9:52 Double-Bit Axe
12:30 Town Watch
19:18 Scale Barding Armor
21:36 Forging
23:11 Wheelbarrow
24:39 Castle Age
24:44 Light Cavalry
25:25 Husbandry
31:38 Iron Casting
33:03 Chain Barding Armor
36:05 Gold Mining
36:27 Bow Saw
Florenzi
7:18 Loom
10:20 Feudal Age
11:01 Double-Bit Axe
12:27 Wheelbarrow
18:11 Horse Collar
21:07 Wheelbarrow
20:20 Town Watch
22:59 Wheelbarrow
22:37 Bloodlines
22:48 Town Watch
26:45 Castle Age
26:38 Town Watch
27:32 Scale Barding Armor
27:36 Heavy Plow
29:49 Husbandry
32:51 Chain Barding Armor
42:14 Hand Cart
JotaPex
1:38 Loom
11:50 Feudal Age
14:05 Double-Bit Axe
17:39 Fletching
20:51 Padded Archer Armor
26:04 Horse Collar
28:21 Gold Mining
31:38 Castle Age
32:02 Elite Skirmisher
32:38 Bodkin Arrow
33:13 Leather Archer Armor
33:07 Crossbowman
35:55 Wheelbarrow
37:32 Ballistics
37:58 Bow Saw
40:13 Thumb Ring
40:38 Murder Holes
brayanis_12
6:57 Loom
10:15 Feudal Age
10:51 Double-Bit Axe
12:28 Fletching
13:16 Horse Collar
17:20 Padded Archer Armor
19:21 Wheelbarrow
22:32 Castle Age
20:44 Gold Mining
22:35 Elite Skirmisher
23:12 Bodkin Arrow
23:35 Crossbowman
24:20 Thumb Ring
34:22 Ballistics
34:04 Town Watch
Connection lost

Rejoining the realm…

Still unreachable

The connection could not be restored.

Session expired

The server has moved on; the page needs a fresh start.